BSA
BOSTON REBELS @ HOUSTON MARSHALS
08/16/2028
 
TOP OF THE 1ST
Boston Rebels batting - Pitching for Houston Marshals : LHP Stan Aldridge
Pitching: LHP Stan Aldridge
Batting: RHB Roberto Chávez 0-0: Called Strike
0-1: Fly out, F3 (Popup, 3L)
Batting: LHB Bill Wilson 0-0: Swinging Strike
0-1: Ball
1-1: Ground out 6-3 (Groundball, 56)
Batting: RHB John Mendelson 0-0: Ball
1-0: Ground out 6-3 (Groundball, 6)
Top of the 1st over - 0 run(s), 0 hit(s), 0 error(s), 0 left on base; Boston 0 - Houston 0
BOTTOM OF THE 1ST
Houston Marshals batting - Pitching for Boston Rebels : RHP Rusty van Rhee
Pitching: RHP Rusty van Rhee
Batting: LHB John Peterson 0-0: Ball
1-0: Ball
2-0: Swinging Strike
2-1: DOUBLE (Line Drive, 8RD)
Batting: RHB Alberto Velásquez 0-0: Ball
1-0: Foul Ball, location: 2F
1-1: Ball
2-1: SINGLE (Groundball, 34D)
John Peterson to third
Runner from 3rd tries for Home, SAFE, no throw
Batting: LHB Lewis Barr 0-0: Ball
1-0: Called Strike
1-1: Ball
Alberto Velásquez is caught stealing 2nd base
2-1: Fly out, F8 (Flyball, 78S)
Batting: LHB José Rodríguez 0-0: Foul Ball, location: 2F
0-1: Called Strike
0-2: Ball
1-2: Ball
2-2: Strikes out looking
Bottom of the 1st over - 1 run(s), 2 hit(s), 0 error(s), 0 left on base; Boston 0 - Houston 1
TOP OF THE 2ND
Boston Rebels batting - Pitching for Houston Marshals : LHP Stan Aldridge
Batting: LHB Lorenzo Flores 0-0: Called Strike
0-1: Ball
1-1: Called Strike
1-2: Foul Ball, location: 2F
1-2: Ball
2-2: Ball
3-2: Strikes out swinging
Batting: LHB Miguel Rivería 0-0: Foul Ball, location: 2F
0-1: Swinging Strike
0-2: Foul Ball, location: 2F
0-2: Strikes out swinging
Batting: LHB Felipe Guerrero 0-0: Ground out 6-3 (Groundball, 6)
Top of the 2nd over - 0 run(s), 0 hit(s), 0 error(s), 0 left on base; Boston 0 - Houston 1
BOTTOM OF THE 2ND
Houston Marshals batting - Pitching for Boston Rebels : RHP Rusty van Rhee
Batting: SHB Álex Rosado 0-0: Ball
1-0: Called Strike
1-1: Ball
2-1: Swinging Strike
2-2: Ball
3-2: Strikes out swinging
Batting: LHB Matt Smith 0-0: Ball
1-0: Ball
2-0: Foul Ball, location: 2F
2-1: Ground out 6-3 (Groundball, 6)
Batting: SHB Juan Gómez 0-0: Called Strike
0-1: Foul Ball, location: 2F
0-2: Ball
1-2: Foul Ball, location: 2F
1-2: Ground out 6-3 (Groundball, 6M)
Bottom of the 2nd over - 0 run(s), 0 hit(s), 0 error(s), 0 left on base; Boston 0 - Houston 1
TOP OF THE 3RD
Boston Rebels batting - Pitching for Houston Marshals : LHP Stan Aldridge
Batting: LHB Arturo Molina 0-0: Called Strike
0-1: Ball
1-1: Ground out 5-3 (Groundball, 56S)
Batting: RHB Alberto Ramos 0-0: Ball
1-0: Called Strike
1-1: Ball
2-1: Foul Ball, location: 2F
2-2: Ground out 5-3 (Groundball, 56)
Batting: RHB Ángel Garza 0-0: Ball
1-0: Ball
2-0: Ball
3-0: SINGLE (Line Drive, 7LS)
Batting: RHB Roberto Chávez 0-0: Ball
1-0: SINGLE (Groundball, 34) (infield hit)
Ángel Garza to second
Batting: LHB Bill Wilson 0-0: Called Strike
0-1: Called Strike
0-2: Ball
1-2: Ball
2-2: Foul Ball, location: 2F
2-2: Ball
3-2: Foul Ball, location: 2F
3-2: Foul Ball, location: 2F
3-2: Base on Balls
Ángel Garza to third
Roberto Chávez to second
Batting: RHB John Mendelson 0-0: Foul Ball, location: 2F
0-1: Ball
1-1: Foul Ball, location: 2F
1-2: Ball
2-2: Fielders Choice at 2nd, 4-6 (Groundball, 4)
Top of the 3rd over - 0 run(s), 2 hit(s), 0 error(s), 2 left on base; Boston 0 - Houston 1
BOTTOM OF THE 3RD
Houston Marshals batting - Pitching for Boston Rebels : RHP Rusty van Rhee
Batting: RHB Jim Tracy 0-0: Called Strike
0-1: Foul Ball, location: 2F
0-2: Fly out, F8 (Flyball, 8LM)
Batting: RHB Raúl Soto 0-0: Called Strike
0-1: Ball
1-1: SINGLE (Popup, 3D)
Batting: LHB John Peterson 0-0: Ball
1-0: Foul Ball, location: 2F
1-1: Ball
2-1: Called Strike
2-2: Ball
3-2: Fielders Choice at 2nd, 4-6 (Groundball, 4)
Batting: RHB Alberto Velásquez 0-0: Ball
1-0: Called Strike
1-1: Foul Ball, location: 2F
1-2: Strikes out swinging
Bottom of the 3rd over - 0 run(s), 1 hit(s), 0 error(s), 1 left on base; Boston 0 - Houston 1
TOP OF THE 4TH
Boston Rebels batting - Pitching for Houston Marshals : LHP Stan Aldridge
Batting: LHB Lorenzo Flores 0-0: Ground out U3 (Groundball, 3)
Batting: LHB Miguel Rivería 0-0: Foul Ball, location: 2F
0-1: Ground out 4-3 (Groundball, 4)
Batting: LHB Felipe Guerrero 0-0: Ground out 4-3 (Groundball, 4)
Top of the 4th over - 0 run(s), 0 hit(s), 0 error(s), 0 left on base; Boston 0 - Houston 1
BOTTOM OF THE 4TH
Houston Marshals batting - Pitching for Boston Rebels : RHP Rusty van Rhee
Batting: LHB Lewis Barr 0-0: Ball
1-0: Foul Ball, location: 2F
1-1: Fly out, F8 (Flyball, 8LM)
Batting: LHB José Rodríguez 0-0: Called Strike
0-1: Swinging Strike
0-2: Strikes out looking
Batting: SHB Álex Rosado 0-0: Ball
1-0: Called Strike
1-1: Foul Ball, location: 2F
1-2: Ball
2-2: Strikes out swinging
Bottom of the 4th over - 0 run(s), 0 hit(s), 0 error(s), 0 left on base; Boston 0 - Houston 1
TOP OF THE 5TH
Boston Rebels batting - Pitching for Houston Marshals : LHP Stan Aldridge
Batting: LHB Arturo Molina 0-0: Called Strike
0-1: Called Strike
0-2: Strikes out swinging
Batting: RHB Alberto Ramos 0-0: Foul Ball, location: 2F
0-1: Foul Ball, location: 2F
0-2: Foul Ball, location: 2F
0-2: Foul Ball, location: 2F
0-2: Ball
1-2: Ball
2-2: Ball
3-2: Ground out 4-3 (Groundball, 4)
Batting: RHB Ángel Garza 0-0: DOUBLE (Flyball, 78XD)
Batting: RHB Roberto Chávez 0-0: Hit by Pitch
Batting: LHB Bill Wilson 0-0: Called Strike
0-1: Swinging Strike
0-2: Fly out, F4 (Popup, 4)
Top of the 5th over - 0 run(s), 1 hit(s), 0 error(s), 2 left on base; Boston 0 - Houston 1
BOTTOM OF THE 5TH
Houston Marshals batting - Pitching for Boston Rebels : RHP Rusty van Rhee
Batting: LHB Matt Smith 0-0: Foul Ball, location: 2F
0-1: Fly out, F8 (Flyball, 89M)
Batting: SHB Juan Gómez 0-0: Foul Ball, location: 2F
0-1: Ball
1-1: SINGLE (Groundball, 6) (infield hit)
Batting: RHB Jim Tracy 0-0: Foul Ball, location: 2F
0-1: Ball
1-1: Fly out, F9 (Flyball, 9)
Batting: RHB Raúl Soto 0-0: Called Strike
0-1: Ball
1-1: Ball
2-1: Called Strike
2-2: Ball
3-2: SINGLE (Groundball, 6MD)
Juan Gómez to second
Juan Gómez to third
Batting: LHB John Peterson 0-0: Foul Ball, location: 2F
0-1: SINGLE (Groundball, 34D)
Juan Gómez scores
Raúl Soto to second
Runner from 2nd tries for 3rd, SAFE, throw made to third
Batting: RHB Alberto Velásquez 0-0: Called Strike
0-1: Ground out U3 (Groundball, 3S)
Bottom of the 5th over - 1 run(s), 3 hit(s), 0 error(s), 2 left on base; Boston 0 - Houston 2
TOP OF THE 6TH
Boston Rebels batting - Pitching for Houston Marshals : LHP Stan Aldridge
Batting: RHB John Mendelson 0-0: Ball
1-0: Ball
2-0: Foul Ball, location: 2F
2-1: Foul Ball, location: 2F
2-2: Foul Ball, location: 2F
2-2: Ball
3-2: Strikes out swinging
Batting: LHB Lorenzo Flores 0-0: Ball
1-0: Fly out, F9 (Flyball, 89D)
Batting: LHB Miguel Rivería 0-0: Called Strike
0-1: Fly out, F9 (Flyball, 9LS)
Top of the 6th over - 0 run(s), 0 hit(s), 0 error(s), 0 left on base; Boston 0 - Houston 2
BOTTOM OF THE 6TH
Houston Marshals batting - Pitching for Boston Rebels : RHP Rusty van Rhee
Batting: LHB Lewis Barr 0-0: Ground out 3-1 (Groundball, 34)
Batting: LHB José Rodríguez 0-0: Ground out U3 (Groundball, 3L)
Batting: SHB Álex Rosado 0-0: Ball
1-0: Swinging Strike
1-1: Swinging Strike
1-2: DOUBLE (Line Drive, 7LM)
Batting: LHB Matt Smith 0-0: Ball
1-0: Called Strike
1-1: SINGLE (Groundball, 4MD)
Álex Rosado to third
Runner from 3rd tries for Home, SAFE, no throw
Batting: SHB Juan Gómez 0-0: Foul Ball, location: 2F
0-1: Ball
1-1: Foul Ball, location: 2F
1-2: Foul Ball, location: 2F
1-2: SINGLE (Groundball, 3D)
Matt Smith to second
Runner from 2nd tries for 3rd, OUT!
Bottom of the 6th over - 1 run(s), 3 hit(s), 0 error(s), 1 left on base; Boston 0 - Houston 3
TOP OF THE 7TH
Boston Rebels batting - Pitching for Houston Marshals : LHP Stan Aldridge
Batting: LHB Felipe Guerrero 0-0: Ground out 4-3 (Groundball, 4MD)
Batting: LHB Arturo Molina 0-0: Called Strike
0-1: Foul Ball, location: 2F
0-2: Foul Ball, location: 2F
0-2: Strikes out swinging
Batting: RHB Alberto Ramos 0-0: Ball
1-0: Ball
2-0: Called Strike
2-1: Reached on error, E5 (Groundball, 56S)
Batting: RHB Ángel Garza 0-0: Fly out, F8 (Flyball, 8LM)
Top of the 7th over - 0 run(s), 0 hit(s), 1 error(s), 1 left on base; Boston 0 - Houston 3
BOTTOM OF THE 7TH
Houston Marshals batting - Pitching for Boston Rebels : RHP Rusty van Rhee
Batting: RHB Jim Tracy 0-0: Ball
1-0: Ball
2-0: Fly out, F9 (Flyball, 9D)
Batting: RHB Raúl Soto 0-0: Called Strike
0-1: Ball
1-1: Ball
2-1: SINGLE (Line Drive, 6MD)
Batting: LHB John Peterson 0-0: Called Strike
0-1: Foul Ball, location: 2F
0-2: Fly out, F6 (Line Drive, 6MD)
Batting: RHB Alberto Velásquez 0-0: Fielders Choice at 2nd, 4-6 (Groundball, 4)
Bottom of the 7th over - 0 run(s), 1 hit(s), 0 error(s), 0 left on base; Boston 0 - Houston 3
TOP OF THE 8TH
Boston Rebels batting - Pitching for Houston Marshals : LHP Stan Aldridge
Batting: RHB Roberto Chávez 0-0: Swinging Strike
0-1: Ground out 5-3 (Groundball, 56S)
Batting: LHB Bill Wilson 0-0: Ball
1-0: Ball
2-0: Ball
3-0: Base on Balls
Batting: RHB John Mendelson 0-0: Ball
1-0: Ball
2-0: Reached on error, E5 (Groundball, 56)
Bill Wilson to second
Batting: LHB Lorenzo Flores 0-0: Ball
1-0: Called Strike
1-1: Ball
2-1: Called Strike
2-2: Strikes out swinging
Batting: LHB Miguel Rivería 0-0: Foul Ball, location: 2F
0-1: Ball
1-1: Fly out, F7 (Flyball, 7D)
Top of the 8th over - 0 run(s), 0 hit(s), 1 error(s), 2 left on base; Boston 0 - Houston 3
BOTTOM OF THE 8TH
Houston Marshals batting - Pitching for Boston Rebels : RHP Rusty van Rhee
Batting: LHB Lewis Barr 0-0: Foul Ball, location: 2F
0-1: Ball
1-1: Called Strike
1-2: Foul Ball, location: 2F
1-2: Ball
2-2: Ball
3-2: Foul Ball, location: 2F
3-2: Base on Balls
Pitching: LHP Yoshihiro Hasegawa
Batting: LHB José Rodríguez 0-0: DOUBLE (Flyball, 78D)
Lewis Barr to third
Batting: SHB Álex Rosado 0-0: Intentional Walk
Batting: LHB Matt Smith 0-0: Fly out, F5 (Popup, 5S)
Batting: SHB Juan Gómez 0-0: Called Strike
0-1: Ball
1-1: Ball
2-1: Fly out, F8 (Flyball, 8LXD)
Runner from 3rd tags up, SCORES, no throw
Batting: RHB Jim Tracy 0-0: Ball
1-0: Foul Ball, location: 2F
1-1: Ball
2-1: Swinging Strike
2-2: Foul Ball, location: 2F
2-2: Ball
3-2: Base on Balls
José Rodríguez to third
Álex Rosado to second
Batting: RHB Raúl Soto 0-0: Ball
1-0: Ball
2-0: Fly out, F8 (Flyball, 8LD)
Bottom of the 8th over - 1 run(s), 1 hit(s), 0 error(s), 3 left on base; Boston 0 - Houston 4
TOP OF THE 9TH
Boston Rebels batting - Pitching for Houston Marshals : LHP Stan Aldridge
Batting: LHB Felipe Guerrero 0-0: Called Strike
0-1: Swinging Strike
0-2: Ball
1-2: Foul Ball, location: 2F
1-2: Foul Ball, location: 2F
1-2: Ball
2-2: Fly out, F8 (Line Drive, 8LD)
Pitching: RHP Álex Rodríguez
Batting: LHB Arturo Molina 0-0: Swinging Strike
0-1: Fly out, F8 (Flyball, 8LM)
Batting: RHB Alberto Ramos 0-0: Ball
1-0: Ground out 6-3 (Groundball, 6S)
Top of the 9th over - 0 run(s), 0 hit(s), 0 error(s), 0 left on base; Boston 0 - Houston 4
Tuesday, August 8th, 2017 - OOTP Baseball 17.12 Build 75